 Dungeon Crawl Stone Soup version 0.30-a0-879-ga8ba668304 (webtiles) character file.

Game seed: 4052362833495054245

1758 gelatine the Chopper (level 8, 0/60 HPs)
             Began as a Demonspawn Gladiator on Mar 13, 2023.
             Was a Follower of Qazlal.
             Slain by a yak (1 damage)
             ... on level 7 of the Dungeon.
             The game lasted 00:14:01 (6716 turns).

gelatine the Chopper (Demonspawn Gladiator)         Turns: 6716, Time: 00:14:02

Health: 0/60       AC:  6    Str: 22    XL:     8   Next: 79%
Magic:  8/8        EV: 14    Int: 10    God:    Qazlal [*.....]
Gold:   286        SH:  5    Dex: 21    Spells: 7/7 levels left

rFire   . . .      SeeInvis .    u - +0 battleaxe
rCold   . . .      Faith    .    (shield currently unavailable)
rNeg    . . .      Spirit   .    b - +0 leather armour
rPois   .          Reflect  .    x - +2 hat
rElec   .          Rampage  .    r - +0 cloak
rCorr   .                        (no gloves)
Will    .....                    (no boots)
Stlth   ++                       (no amulet)
HPRegen 0.30/turn                j - +6 ring of strength
MPRegen 0.11/turn                C - +6 ring of dexterity

@: no status effects
A: hooves 2, condensation shield, weakness stinger 2, demonic touch 1
a: Renounce Religion


You were on level 7 of the Dungeon.
You worshipped Qazlal.
Qazlal was aware of your devotion.
You visited 2 branches of the dungeon, and saw 8 of its levels.

You collected 286 gold pieces.

Inventory:

Hand Weapons
 a - a +0 war axe
 e - a +3 shortbow
 f - a +2 mace of protection
 m - a +1 flail of protection
 u - a +0 battleaxe (weapon)
 B - a +2 heavy sling
Missiles
 d - a throwing net
 k - 5 curare-tipped darts
 q - 8 poisoned darts (quivered)
 w - 6 silver javelins
Armour
 b - a +0 leather armour (worn)
 c - a +0 helmet
 n - a scarf of shadows
 r - a +0 cloak (worn)
 x - a +2 hat (worn)
Jewellery
 h - a +6 ring of strength
 i - a +6 ring of intelligence
 j - a +6 ring of strength (left hand)
 C - a +6 ring of dexterity (right hand)
Wands
 E - a wand of flame (29)
Scrolls
 g - 2 scrolls of noise
 o - a scroll of fear
 p - 3 scrolls of teleportation
 y - 2 scrolls of butterflies
 A - 2 scrolls of immolation
Potions
 l - 5 potions of lignification
 s - a potion of might
 t - a potion of flight
 v - a potion of haste {unknown}
 z - a potion of brilliance {unknown}


   Skills:
 * Level 4.2 Fighting
 * Level 6.8(6.9) Axes
 + Level 1.3(4.5) Maces & Flails
 * Level 4.2 Throwing
 * Level 3.9 Armour
 * Level 4.5 Dodging
 + Level 2.0 Stealth
 + Level 1.0 Shields


You had 7 spell levels left.
You didn't know any spells.
Your spell library contained the following spells:

 Spells                   Type           Power      Damage    Failure   Level
 Freeze                   Ice            0%         1d3       41%         1
 Magic Dart               Conj           0%         1d3       41%         1
 Ensorcelled Hibernation  Hex/Ice        0%         N/A       54%         2
 Passwall                 Tmut/Erth      0%         N/A       54%         2
 Searing Ray              Conj           0%         2d4       54%         2
 Frozen Ramparts          Ice            0%         1d1       78%         3
 Hailstorm                Conj/Ice       0%         3d3       78%         3
 Swiftness                Air            0%         N/A       78%         3
 Fulminant Prism          Conj/Hex       0%         3d5       99%         4


Dungeon Overview and Level Annotations

Branches:
Dungeon (7/15)             Temple (1/1) D:4

Altars:
Cheibriados
Dithmenos
Fedhas
Gozag
Hepliaklqana
Kikubaaqudgha
Makhleb
Okawaru
Qazlal
Trog
Uskayaw
Vehumet
Wu Jian
Xom
Yredelemnul


Innate Abilities, Weirdness & Mutations

You have hoof-like feet.
A meltable shield of frost defends you. (SH +4)
You have a tail ending in a sharp stinger.
Your touch may inflict minor irresistible damage on your foes.


Message History

The yak is severely wounded.
The yak closely misses you.
You slash the yak!
You kill the yak!
Qazlal accepts your kill.
You hit the yak. You kick the yak! You tail-slap the yak.
The yak is moderately wounded.
The yak gores you but does no damage. The yak gores you!
You hit the yak but do no damage.
The yak is moderately wounded.
The yak completely misses you.
You hit the yak.
The yak is heavily wounded.
You block the yak's attack. The yak gores you!
* * * LOW HITPOINT WARNING * * *
You barely miss the yak. Your kick misses the yak. You tail-slap the yak.
The yak is heavily wounded.
The yak closely misses you.
You barely miss the yak.
You tail-slap the yak, but do no damage.
The yak is heavily wounded.
The yak gores you.
* * * LOW HITPOINT WARNING * * *
You slash the yak! You kick the yak.
The yak is almost dead.
The yak misses you. The yak barely misses you.
You slash the yak!
You kill the yak!
Qazlal accepts your kill.
Your Stealth skill increases to level 2!
Your Shields skill increases to level 1!
You slash the yak! You tail-slap the yak.
The yak is heavily wounded.
The yak gores you but does no damage.
You barely miss the yak. Your kick misses the yak.
The yak is heavily wounded.
The yak gores you!
* * * LOW HITPOINT WARNING * * *
The yak gores you.
You die...

........'............# #.#
........############.# #.#
+##...............<#.# #.#
.##......#######.#.#.# #.#
.................#.#.# #.#
...#+#.#...~~#####.#.###.#
..<........P~.......>....#
...#...~~..P♣~######.#####
......♣~~..~~♣~Y@..........#
+##~♣~~~~~..~~♣♣####.#######
♣~~~~~~...P~~♣ #.#
~~PP~~~~..~Y~♣ #.#
#♣P~~P~~...~~♣♣ #.#
♣♣~≈~~♣...P~~♣ #.#
~≈~P~....~~♣ #.#
~~≈~~....~~♣ ≈~~...~~(♣


You could see a yak.

Vanquished Creatures
  Sigmund (D:6)
  2 yaks (D:7)
  Edmund (D:4)
  A water moccasin (D:6)
  An ice beast (D:7)
  2 centaurs
  A phantom (D:6)
  A scorpion (D:4)
  2 howler monkeys (D:6)
  3 electric eels (D:7)
  2 hounds
  A jelly (D:5)
  2 orc priests
  3 iguanas (D:5)
  A sleepcap (D:5)
  2 orc wizards (D:5)
  Robin (D:4)
  4 gnolls (D:7)
  4 adders
  A shadow imp (D:5)
  A white imp (D:6)
  An ufetubus (D:5)
  A worm (D:2)
  2 dart slugs
  12 orcs
  7 endoplasms
  8 giant cockroaches
  13 goblins
  6 hobgoblins
  6 jackals
  3 quokkas
  7 ball pythons
  8 bats
  6 frilled lizards
  2 kobolds (D:2)
  6 rats
125 creatures vanquished.

Vanquished Creatures (others)
  3 plants (D:7)
3 creatures vanquished.

Grand Total: 128 creatures vanquished

Notes
Turn   | Place    | Note
-------+----------+-------------------------------------------
     0 | D:1      | gelatine the Demonspawn Gladiator began the quest for the
                  | Orb.
     0 | D:1      | Reached XP level 1. HP: 16/16 MP: 1/1
    99 | D:1      | Discovered your monstrous ancestry.
    99 | D:1      | Gained mutation: Your touch may inflict minor irresistible
                  | damage on your foes. [demonic ancestry]
    99 | D:1      | Reached XP level 2. HP: 15/22 MP: 2/2
   293 | D:1      | Reached skill level 3 in Axes
   441 | D:1      | Found a faded altar of an unknown god.
   446 | D:1      | Gained mutation: You have a small tail. [demonic ancestry]
   446 | D:1      | Reached XP level 3. HP: 27/27 MP: 3/3
  1364 | D:3      | Found an ancient bone altar of Kikubaaqudgha.
  1387 | D:3      | Reached skill level 1 in Maces & Flails
  1387 | D:3      | Gained mutation: You have large cloven feet. [demonic
                  | ancestry]
  1387 | D:3      | Reached XP level 4. HP: 30/33 MP: 4/4
  1500 | D:3      | Reached skill level 1 in Armour
  2337 | D:4      | Noticed Edmund
  2352 | D:4      | Killed Edmund
  2353 | D:4      | Reached skill level 4 in Axes
  2353 | D:4      | Reached XP level 5. HP: 17/39 MP: 5/5
  2747 | D:4      | Gained mutation: You have a tail ending in a sharp stinger.
                  | [demonic ancestry]
  2747 | D:4      | Reached XP level 6. HP: 12/46 MP: 6/6
  2884 | D:4      | Found a staircase to the Ecumenical Temple.
  2905 | Temple   | Entered the Ecumenical Temple
  3045 | Temple   | Became a worshipper of Qazlal Stormbringer
  3243 | D:4      | Noticed Robin
  3252 | D:4      | Killed Robin
  3472 | D:5      | Entered Level 5 of the Dungeon
  4042 | D:5      | Reached * piety under Qazlal
  4043 | D:5      | Gained mutation: A meltable shield of frost defends you.
                  | (SH +4) [demonic ancestry]
  4043 | D:5      | Reached XP level 7. HP: 31/52 MP: 7/7
  4468 | D:5      | Found an ornate altar of the Wu Jian Council.
  4472 | D:5      | Found a basalt altar of Yredelemnul.
  4524 | D:5      | Reached skill level 5 in Axes
  4723 | D:5      | Reached skill level 1 in Stealth
  5207 | D:6      | Noticed Sigmund
  5215 | D:6      | Killed Sigmund
  5612 | D:6      | Gained mutation: You have hoof-like feet. [demonic
                  | ancestry]
  5612 | D:6      | Reached XP level 8. HP: 59/59 MP: 8/8
  5946 | D:6      | Reached skill level 6 in Axes
  6715 | D:7      | Reached skill level 1 in Shields
  6716 | D:7      | HP: 1/60 [yak (13)]
  6716 | D:7      | Slain by a yak

Illustrated notes

Levels and vault maps discovered:
D:1:      heliophobic_arrival_enchanted_forest, layout_rooms,
          chequers_ecumenical_altar_island
D:2:      layout_basic
D:3:      layout_basic, mainiacjoe_overflow_six_doors_small,
          wad_floor_pattern_untrapped, kennysheep_generic_room_13
D:4:      layout_basic, minmay_temple_entry_statues_fountains,
          roderic_serpentine_path, uniq_edmund, uniq_robin
D:5:      layout_basic, grunt_temple_overflow_open
D:6:      layout_cave_pods, roderic_st_hans_cross, uniq_sigmund
D:7:      layout_basic, lemuel_doored_altar,
          nicolae_ru_great_annihilating_truth, serial_bayou,
          serial_bayou_ford_a, serial_bayou_crossing, serial_bayou_pond_e,
          serial_bayou_shore_b
Temple:   nicolae_temple_two_arcs

Skill      XL: |  1  2  3  4  5  6  7  8 |
---------------+-------------------------+-----
Dodging        | 3 4 |  4.5
Axes           | 3 4 5 6 |  6.8
Throwing       | 2 3 4 |  4.2
Maces & Flails | 1 |  1.3
Armour         | 1 2 3 |  3.9
Fighting       | 3 4 |  4.2
Stealth        | 1 2 |  2.0
Shields        | 1 |  1.0

Action                     |  1- 3 |  4- 6 |  7- 9 || total
---------------------------+-------+-------+-------++-------
  Melee: Mace              |    89 |     1 |       ||    90
         Touch             |    10 |     1 |       ||    11
         Tailslap          |     1 |    13 |    15 ||    29
         Punch             |     1 |       |       ||     1
         Battleaxe         |       |   118 |    87 ||   205
         Kick              |       |    26 |    24 ||    50
  Throw: Boomerang         |       |     3 |     3 ||     6
         Dart              |       |       |    15 ||    15
         Throwing net      |       |       |     5 ||     5
         Javelin           |       |       |     3 ||     3
    Use: Scroll            |       |     9 |     4 ||    13
         Potion            |       |     2 |       ||     2
   Stab: Sleeping          |     2 |       |       ||     2
         Distracted        |       |     1 |       ||     1
 Armour: Leather armour    |    60 |    46 |    16 ||   122
  Dodge: Dodged            |    91 |    83 |    72 ||   246
  Block: Other             |       |       |    25 ||    25

Table legend: (Time is in decaauts)
 A = Elapsed time spent in this place.
 B = Non-inter-level travel time spent in this place.
 C = Inter-level travel time spent in this place.
 D = Time resting spent in this place.
 E = Time spent auto-exploring this place.
 F = Levels seen in this place.
 G = Mean time per level.
                   A        B        C        D        E       F      G
               +--------+--------+--------+--------+--------+-----+--------+
         Total |   6849 |   6681 |    168 |      0 |   5491 |   8 |  856.1 |
       Dungeon |   6700 |   6532 |    168 |      0 |   5385 |   7 |  957.1 |
        Temple |    148 |    148 |      0 |      0 |    106 |   1 |  148.0 |
               +--------+--------+--------+--------+--------+-----+--------+

Top non-repeatable levels by time:
     D:5: 1422 daAuts
     D:4: 1363 daAuts
     D:6: 1068 daAuts
     D:2: 845 daAuts
     D:3: 784 daAuts
     D:7: 686 daAuts
     D:1: 530 daAuts
  Temple: 148 daAuts
